 Dungeon Crawl Stone Soup version 0.21.1-1-g345015f (webtiles) character file.

2 Goblin1989 the Insei (level 1, -1/15 HPs)
             Began as a Demonspawn Transmuter on Mar 2, 2018.
             Slain by a hobgoblin
             ... wielding a +0 club
              (6 damage)
             ... on level 1 of the Dungeon.
             The game lasted 00:00:17 (26 turns).

Goblin1989 the Insei (Demonspawn Transmuter)          Turns: 26, Time: 00:00:17

Health: -1/15      AC:  2    Str: 10    XL:     1   Next: 33%
Magic:  3/3        EV: 12    Int: 14    God:
Gold:   0          SH:  0    Dex: 13    Spells: 3/4 levels left

rFire    . . .     SeeInvis .     - Unarmed
rCold    . . .     Gourm    .   (no shield)
rNeg     . . .     Faith    .   b - +0 robe
rPois    .         Spirit   .   (no helmet)
rElec    .         Reflect  .   (no cloak)
rCorr    .         Harm     .   (no gloves)
MR       .....                  (no boots)
Stlth    +.........             (no amulet)
HPRegen  0.05/turn              (no ring)
MPRegen  0.08/turn              (no ring)

@: no status effects
A: no striking features
a: no special abilities


You were on level 1 of the Dungeon.
You were not hungry.

You visited 1 branch of the dungeon, and saw 1 of its levels.

Inventory:

Missiles
 a - 12 arrows
Armour
 b - a +0 robe (worn)
Books
 c - a book of Changes

   Spells                             Type                      Level
   a - Beastly Appendage              Transmutation                1
   b - Sticks to Snakes               Transmutation                2
   c - Spider Form                    Transmutation/Poison         3
   d - Ice Form                       Ice/Transmutation            4
   e - Blade Hands                    Transmutation                5
Comestibles
 e - a ration


   Skills:
 - Level 1.0 Fighting
 - Level 1.7 Dodging
 + Level 2.9 Unarmed Combat
 - Level 2.0 Spellcasting
 - Level 1.7 Transmutations


You had 3 spell levels left.
You knew the following spells:

 Your Spells              Type           Power        Failure   Level  Hunger
a - Beastly Appendage     Tmut           #.....       12%         1    ##.....


Dungeon Overview and Level Annotations

Branches:
Dungeon (1/15)

Altars:


Message History

e - a ration You become an orb of ice!
Welcome, Goblin1989 the Demonspawn Transmuter.
Will you prevail where others failed? Will you find the Orb of Zot?
Press ? for a list of commands and other information.
Found a staircase leading out of the dungeon.
You enter the shallow water.
Moving in this stuff is going to be slow.
A goblin and a hobgoblin come into view.
The goblin shouts!
The hobgoblin shouts!
You hear an angry hiss.
A frilled lizard comes into view.
The goblin hits you with a dagger.
You take 1 damage, and have 14/15 hp.
You hit the goblin.
You kill the goblin!
No target in view!
No target in view!
No target in view!
No target in view!
No target in view!
No target in view!
No target in view!
No target in view!
No target in view!
No target in view!
No target in view!
No target in view!
No target in view!
No target in view!
No target in view!
No target in view!
No target in view!
No target in view!
No target in view!
No target in view!
No target in view!
No target in view!
The hobgoblin closely misses you.
You barely miss the hobgoblin. The hobgoblin hits you with a club.
The frilled lizard bites you.
You take 6 damage, and have 8/15 hp.
MASSIVE DAMAGE!!
You are too injured to fight recklessly!
You are too injured to fight recklessly!
You are too injured to fight recklessly!
You are too injured to fight recklessly!
You are too injured to fight recklessly!
You are too injured to fight recklessly!
You are too injured to fight recklessly!
You are too injured to fight recklessly!
You are too injured to fight recklessly!
You are too injured to fight recklessly!
You are too injured to fight recklessly!
You are too injured to fight recklessly!
You are too injured to fight recklessly!
You are too injured to fight recklessly!
You are too injured to fight recklessly!
You are too injured to fight recklessly!
You are too injured to fight recklessly!
You are too injured to fight recklessly!
You are too injured to fight recklessly!
A dart slug comes into view.
You see here a dagger.
An ooze comes into view.
The ooze quivers.
The hobgoblin hits you with a club.
* * * LOW HITPOINT WARNING * * *
You take 4 damage, and have 4/15 hp.
MASSIVE DAMAGE!!
A giant cockroach comes into view.
A goblin comes into view. It is wielding a dagger.
The goblin shouts!
A bat and a rat come into view.
The bat closely misses you.
The giant cockroach waves its antennae.
The bat hits you but does no damage. The bat closely misses you.
You hit the bat.
You kill the bat!
The hobgoblin hits you with a club.
You die... █ █ █. .█.█.█.█.███... █.█.█.█?█...... .█.█.█.█...... █.≈≈≈≈≈.█....█ .█≈...≈█.....█ ████████

█.≈..<≈.█....███@r....█
.█≈...≈█.....██gg......█
█.≈≈≈≈≈.█....█..........
.█.█.█.█.....█l.........
█.█.█.█.█...............
.█.█l█.█J███.█...s......
█.█.█.█.██ █............
.J......█ ███.......K.█
.......██ █.........


You could see a giant cockroach, a hobgoblin, a goblin, a kobold (wandering), a
frilled lizard and a rat.

Vanquished Creatures
  A bat (D:1)
  A goblin (D:1)
2 creatures vanquished.

Notes
Turn   | Place    | Note
-------+----------+-------------------------------------------
     0 | D:1      | Goblin1989 the Demonspawn Transmuter began the quest for the Orb.
     0 | D:1      | Reached XP level 1. HP: 15/15 MP: 3/3
    26 | D:1      | Slain by a hobgoblin

Action                   || total
-------------------------++-------
Melee: Unarmed           ||     3
Armor: Robe              ||     1
Dodge: Dodged            ||     3

Vault maps used:
D:1:      ncdulo_watergridlock
